 Dungeon Crawl Stone Soup version 0.18.1-5-g4a78601 (webtiles) character file.

10178 PossumBlood the Fighter (level 11, -3/139 HPs)
             Began as a Formicid Fighter on May 14, 2016.
             Was an Elder of Okawaru.
             Succumbed to Sonja's poison
             ... on level 1 of the Lair of Beasts.
             The game lasted 00:34:55 (10453 turns).

PossumBlood the Fighter (Formicid Fighter)         Turns: 10453, Time: 00:34:56

Health: -3/139     AC: 27    Str: 24    XL:     11   Next: 88%
Magic:  11/11      EV:  2    Int:  8    God:    Okawaru [****..]
Gold:   599        SH: 12    Dex: 13    Spells: 0 memorised, 10 levels left

rFire  . . .     SeeInvis .     a - +0 war axe
rCold  . . .     Gourm    .     (armour currently unavailable)
rNeg   + + +     Faith    .     c - +0 shield
rPois  +         Spirit   .     (helmet unavailable)
rElec  .         Dismiss  .     (cloak currently unavailable)
rCorr  .         Reflect  .     (gloves currently unavailable)
SustAt .         Harm     .     (boots currently unavailable)
MR     +....                    (no amulet)
Stlth  +.........               j - +3 ring of dexterity
                                g - +2 ring of protection

@: lethally poisoned (-3 -> -64), tree-form, somewhat resistant to hostile
enchantments, very unstealthy
A: permanent stasis, dig shafts and tunnels, four strong arms, (antennae 0)
a: Heroism, Renounce Religion


You were on level 1 of the Lair of Beasts.
You worshipped Okawaru.
Okawaru was greatly pleased with you.
You were not hungry.
You were a tree.
You visited 3 branches of the dungeon, and saw 12 of its levels.

You collected 599 gold pieces.

Inventory:

Hand Weapons
 a - a +0 war axe (weapon)
Missiles
 y - 5 tomahawks (quivered)
Armour
 b - a +0 scale mail
 c - a +0 shield (worn)
 d - a +1 cloak (melded)
 i - a +0 plate armour
 l - a +1 ice dragon armour (melded)
 x - a +2 pair of boots (melded)
 J - a +2 pair of gloves (melded)
Jewellery
 f - an uncursed ring of ice
 g - a +2 ring of protection (left branch)
 j - a +3 ring of dexterity (right branch)
 I - an uncursed ring of ice
Wands
 q - a wand of polymorph (8/24)
Scrolls
 h - 4 scrolls of enchant armour
 m - 7 scrolls of remove curse
 n - 2 scrolls of magic mapping
 o - 2 scrolls of immolation
 s - 3 scrolls of identify
 t - a scroll of recharging
 B - 2 scrolls of fog
 C - 2 scrolls of amnesia
Potions
 e - a potion of lignification
 k - a potion of ambrosia {unknown}
 p - a potion of berserk rage {unknown}
 r - a potion of invisibility {unknown}
 u - 4 potions of curing {unknown}
 v - a potion of cancellation {unknown}
 w - a potion of brilliance
 D - a potion of flight
 E - a potion of beneficial mutation {unknown}
 F - 2 potions of agility {unknown}


   Skills:
 * Level 11.3 Fighting
 + Level 10.5 Axes
 - Level 9.4 Armour
 - Level 9.3 Shields


You had 10 spell levels left.
You didn't know any spells.

Dungeon Overview and Level Annotations

Branches:
Dungeon (10/15)            Temple (1/1) D:6            Lair (1/8) D:8
    Orc (0/2) D:10

Altars:
Ashenzari
Cheibriados
Dithmenos
Elyvilon
Fedhas
Gozag
Kikubaaqudgha
Makhleb
Nemelex Xobeh
Okawaru
Pakellas
Qazlal
Ru
Sif Muna
Trog
Vehumet
Xom
Yredelemnul
Zin
The Shining One

Shops:
D:6 [==   D:9 *

Annotations:
Lair:1 Sonja


Innate Abilities, Weirdness & Mutations

You are under a permanent stasis effect.
You can dig through walls and to a lower floor.
Your four strong arms can wield two-handed weapons with a shield.
((You have a pair of large antennae on your head (SInv).))


Message History

You turn into a tree.
Your +1 cloak melds into your body.
Your +2 pair of gloves melds into your body.
Your +2 pair of boots melds into your body.
Your +1 ice dragon armour melds into your body.
Your roots penetrate the ground.
* * * LOW HITPOINT WARNING * * *
You feel extremely sick.
You block Sonja's attack. x2; Sonja hits you but does no damage. x2
You block Sonja's attack. Sonja hits you but does no damage.
You closely miss Sonja.
Sonja is heavily wounded.
* * * LOW HITPOINT WARNING * * *
You feel very sick.
Sonja casts a spell.
Sonja blinks!
You cannot move.
You cannot move.
* * * LOW HITPOINT WARNING * * *
You feel very sick.
You die...

#..............
##..............
#.....###.......
##......##.......
#((....##........
###(......##.......
#..................
##.(...............
##♣(......... .....
#§..........
#............
#...........
#.K.........
..........P..
#.........P##.
#.........##
...........


You could see Sonja.

Vanquished Creatures
  Harold (Lair:1)
  Fannar (D:10)
  An unseen horror (D:10)
  Pikel (D:4)
  A hill giant (D:10)
  Joseph (D:9)
  A spiny frog (Lair:1)
  A troll (D:10)
  Grinder (D:3)
  5 yaks
  A hippogriff (D:9)
  A hungry ghost (D:7)
  Menkaure (D:5)
  Edmund (D:4)
  Duvessa (D:4)
  2 porcupines (Lair:1)
  4 orc warriors
  2 sky beasts
  An ice beast (D:7)
  An eye of draining (D:10)
  2 black bears (D:10)
  8 ogres
  2 centaurs
  3 crocodiles
  3 big kobolds (D:10)
  5 giant frogs
  4 gnoll sergeants (D:10)
  A wyvern zombie (D:7)
  Dowan (D:4)
  A scorpion (D:9)
  3 wights (D:7)
  A howler monkey (D:7)
  5 crimson imps
  A quasit (D:10)
  A hound (D:9)
  3 centaur skeletons
  8 orc priests
  A giant frog skeleton (D:5)
  Crazy Yiuf (D:2)
  2 iguanas (D:8)
  11 orc wizards
  4 worker ants
  A hound skeleton (D:8)
  A hound zombie (D:6)
  A mummy (D:6)
  A howler monkey zombie (D:4)
  3 gnolls (D:10)
  15 river rats
  11 adders
  3 shadow imps
  3 adder skeletons
  7 worms
  A dart slug (D:3)
  5 giant geckos
  31 orcs
  4 bats
  6 giant cockroaches
  9 goblins
  4 hobgoblins
  14 jackals
  6 quokkas
  4 ball pythons
  A giant gecko skeleton (D:5)
  4 giant newts
  2 jackal skeletons
  7 kobolds
  A quokka zombie (D:5)
  8 rats
253 creatures vanquished.

Vanquished Creatures (collateral kills)
  A sky beast (D:6)
1 creature vanquished.

Vanquished Creatures (others)
  5 sheep (D:7)
  An adder (D:4)
6 creatures vanquished.

Grand Total: 260 creatures vanquished

Notes
Turn   | Place    | Note
--------------------------------------------------------------
     0 | D:1      | PossumBlood the Formicid Fighter began the quest for the Orb.
     0 | D:1      | Reached XP level 1. HP: 18/18 MP: 1/1
    66 | D:1      | Found a shattered altar of Ashenzari.
    76 | D:1      | Reached XP level 2. HP: 11/25 MP: 2/2
   643 | D:1      | Reached skill level 4 in Fighting
   853 | D:1      | Reached XP level 3. HP: 28/30 MP: 3/3
  1430 | D:2      | Reached XP level 4. HP: 38/38 MP: 4/4
  1643 | D:2      | Noticed Crazy Yiuf
  1651 | D:2      | Killed Crazy Yiuf
  1651 | D:2      | Reached skill level 5 in Fighting
  1651 | D:2      | Reached XP level 5. HP: 6/44 MP: 5/5
  2174 | D:3      | Found an ancient bone altar of Kikubaaqudgha.
  2473 | D:3      | Found an opulent altar of Gozag.
  2487 | D:3      | Found a deep blue altar of Sif Muna.
  2624 | D:3      | Found a glowing golden altar of the Shining One.
  2626 | D:3      | Noticed an angel
  2633 | D:3      | Found a basalt altar of Yredelemnul.
  2635 | D:3      | Noticed a profane servitor
  2780 | D:3      | Noticed Grinder
  2783 | D:3      | Reached skill level 6 in Fighting
  2783 | D:3      | Reached XP level 6. HP: 51/52 MP: 6/6
  2798 | D:3      | Killed Grinder
  2798 | D:3      | Reached skill level 7 in Fighting
  2798 | D:3      | Reached XP level 7. HP: 48/60 MP: 7/7
  3113 | D:3      | Found an oddly glowing altar of Pakellas.
  3215 | D:4      | Noticed Duvessa
  3215 | D:4      | Noticed Dowan
  3234 | D:4      | Killed Duvessa
  3245 | D:4      | Killed Dowan
  3424 | D:4      | Noticed Edmund
  3425 | D:4      | Noticed Pikel
  3442 | D:4      | Reached skill level 8 in Fighting
  3442 | D:4      | Reached skill level 5 in Axes
  3450 | D:4      | Killed Pikel
  3450 | D:4      | Reached skill level 9 in Fighting
  3450 | D:4      | Reached XP level 8. HP: 49/71 MP: 8/8
  3454 | D:4      | Killed Edmund
  3823 | D:4      | Found a glowing drain.
  4154 | D:4      | Found a bloodstained altar of Trog.
  4197 | D:5      | Entered Level 5 of the Dungeon
  4211 | D:5      | Noticed Menkaure
  4221 | D:5      | Killed Menkaure
  4221 | D:5      | Reached XP level 9. HP: 26/76 MP: 9/9
  4643 | D:5      | Reached skill level 5 in Armour
  5218 | D:6      | Found a staircase to the Ecumenical Temple.
  5244 | Temple   | Entered the Ecumenical Temple
  5340 | D:6      | Found a sacrificial altar of Ru.
  5347 | D:6      | Found Luupab's Jewellery Emporium.
  5371 | D:6      | Found a shadowy altar of Dithmenos.
  5480 | D:6      | Found a snail-covered altar of Cheibriados.
  5516 | D:6      | Found a sparkling altar of Nemelex Xobeh.
  5678 | D:6      | Found Taymich's Jewellery Shop.
  5785 | D:6      | Found Duoclac's Antique Armour Shoppe.
  5845 | D:7      | Found a glowing silver altar of Zin.
  6724 | D:7      | Found a shimmering altar of Xom.
  6850 | D:7      | You fall through a shaft!
  6941 | D:7      | Reached XP level 10. HP: 78/83 MP: 10/10
  7035 | D:7      | Found a stormy altar of Qazlal.
  7243 | D:8      | Found a staircase to the Lair.
  7612 | D:9      | Found a white marble altar of Elyvilon.
  7698 | D:9      | Found an iron altar of Okawaru.
  7701 | D:9      | Became a worshipper of Warmaster Okawaru
  7786 | D:9      | Reached skill level 5 in Shields
  8124 | D:9      | Found Eproliq's General Store.
  8221 | D:9      | Noticed Joseph
  8245 | D:9      | Killed Joseph
  8245 | D:9      | Reached * piety under Okawaru
  8489 | D:10     | Entered Level 10 of the Dungeon
  8567 | D:10     | Noticed an unseen horror
  8567 | D:10     | Noticed a hill giant
  8586 | D:10     | Killed a hill giant
  8586 | D:10     | Killed an unseen horror
  8586 | D:10     | Reached ** piety under Okawaru
  8586 | D:10     | Reached XP level 11. HP: 28/89 MP: 0/11
  8917 | D:10     | Noticed Fannar
  8987 | D:10     | Killed Fannar
  8987 | D:10     | Reached *** piety under Okawaru
  9284 | D:10     | Reached skill level 10 in Fighting
  9359 | D:10     | Found a staircase to the Orcish Mines.
  9371 | D:10     | Reached skill level 10 in Axes
  9762 | Lair:1   | Entered Level 1 of the Lair of Beasts
  9958 | Lair:1   | Reached **** piety under Okawaru
 10081 | Lair:1   | Noticed Harold
 10114 | Lair:1   | Killed Harold
 10114 | Lair:1   | Reached skill level 11 in Fighting
 10426 | Lair:1   | Noticed Sonja
 10452 | Lair:1   | HP: 1/139 [poisoned by Sonja]
 10453 | Lair:1   | Succumbed to Sonja's poison

Skill      XL: |  1  2  3  4  5  6  7  8  9 10 11 |
---------------+----------------------------------+-----
Fighting       | 4 5 6 7 9 11 | 11.3
Axes           | 3 4 5 6 7 9 10 | 10.5
Armour         | 4 8 9 |  9.4
Shields        | 8 9 |  9.3

Action                   |  1- 3 |  4- 6 |  7- 9 | 10-12 || total
-------------------------+-------+-------+-------+-------++-------
Melee: War axe           |   150 |   146 |   381 |   510 ||  1187
Invok: Heroism           |       |       |       |     3 ||     3
 Abil: Dig               |       |     2 |       |       ||     2
  Use: Potion            |       |     1 |       |     4 ||     5
       Scroll            |       |     5 |    11 |     3 ||    19
 Stab: Distracted        |       |       |     1 |       ||     1
  Eat: Beef jerky        |     1 |       |     1 |     3 ||     5
       Bread ration      |       |     2 |     2 |       ||     4
       Meat ration       |       |       |       |     3 ||     3
       Chunk             |       |       |       |     3 ||     3
Armor: Scale mail        |    36 |       |       |       ||    36
       Ice dragon armour |    42 |    81 |   201 |   298 ||   622
       Skin              |       |       |       |     3 ||     3
Dodge: Dodged            |    54 |    39 |    88 |   198 ||   379
Block: Shield            |    92 |    92 |   210 |   318 ||   712
